 Dungeon Crawl Stone Soup version 0.27.1-3-gb3d3a73c9e (webtiles) character file.

Game seed: 4943916238590006761

124 barney the Changer (level 4, -3/35 HPs)
             Began as a Draconian Transmuter on Oct 5, 2021.
             Was an Initiate of Vehumet.
             Slain by a phantom (9 damage)
             ... on level 3 of the Dungeon.
             The game lasted 00:05:11 (4331 turns).

barney the Changer (Draconian Transmuter)           Turns: 4331, Time: 00:05:12

Health: -3/35      AC:  2    Str: 14    XL:     4   Next: 81%
Magic:  5/7        EV: 19    Int: 14    God:    Vehumet [......]
Gold:   88         SH:  0    Dex: 17    Spells: 2/8 levels left

rFire    . . .     SeeInvis +     - Unarmed
rCold    . . .     Faith    +   (shield currently unavailable)
rNeg     . . .     Spirit   .   (armour unavailable)
rPois    x         Reflect  .   (helmet currently unavailable)
rElec    .         Harm     .   (cloak currently unavailable)
rCorr    .         Rampage  .   (gloves currently unavailable)
Will     .....                  (boots currently unavailable)
Stlth    ++........             c - amulet of faith
HPRegen  0.11/turn              h - ring of see invisible
MPRegen  0.10/turn              (no ring)

@: spider-form (expiring), unable to read
A: venomous fangs, AC +5, tiny, unfitting armour, (cold-blooded), (large bone
plates 1), strong 1, inability to read while threatened
a: End Transformation, Renounce Religion


You were on level 3 of the Dungeon.
You worshipped Vehumet.
Vehumet was noncommittal.
You were a venomous arachnid creature.
You visited 1 branch of the dungeon, and saw 4 of its levels.

You collected 88 gold pieces.

Inventory:

Hand Weapons
 a - a +2 dagger of protection (melded)
Jewellery
 c - an amulet of faith (around neck)
 h - a ring of see invisible (left front leg)
Scrolls
 b - 2 scrolls of amnesia
 d - a scroll of identify
 e - a scroll of teleportation
 f - a scroll of holy word
 g - a scroll of enchant weapon


   Skills:
 - Level 1.1 Fighting
 - Level 1.7 Dodging
 - Level 3.0 Unarmed Combat
 + Level 2.6 Spellcasting
 + Level 4.2 Transmutations
 + Level 0.3 Fire Magic
 + Level 1.6 Poison Magic


You had 2 spell levels left.
You knew the following spells:

 Your Spells              Type           Power      Damage    Failure   Level
b - Spider Form           Tmut/Pois      5%         N/A       41%         3
c - Ignite Poison         Fire/Tmut/Pois 7%         N/A       50%         3

Your spell library contained the following spells:

 Spells                   Type           Power      Damage    Failure   Level
 Beastly Appendage        Tmut           26%        N/A       13%         1
 Wereblood                Tmut           13%        N/A       17%         2
 Shock                    Conj/Air       4%         1d3       43%         1
 Mephitic Cloud           Conj/Pois/Air  3%         N/A       69%         3
 Ice Form                 Ice/Tmut       7%         N/A       85%         4
 Bolt of Magma            Conj/Fire/Erth 1%         4d4       100%        5
 Lightning Bolt           Conj/Air       0%         1d11      100%        5
 Silence                  Hex/Air        0%         N/A       100%        5
 Dragon's Call            Summ           0%         N/A       100%        9


Dungeon Overview and Level Annotations

Branches:
Dungeon (4/15)
 Temple: D:4-7

Altars:
Cheibriados
Nemelex Xobeh
Qazlal
Sif Muna
Vehumet
Zin

Shops:
D:2 :[!![   D:3 *(   D:4 (

Annotations:
D:4 Menkaure


Innate Abilities, Weirdness & Mutations

You are a venomous arachnid creature.
You have poisonous fangs.
You are tiny and dextrous.
Your spellcasting is less reliable in this form.
Your armour is entirely melded.
You are incapable of wielding weapons or throwing items.
((Your plain brown scales are hard. (AC +5)))
You cannot fit into any form of body armour.
((You are cold-blooded and may be slowed by cold attacks.))
((You are partially covered in large bone plates. (SH +4)))
Your muscles are strong. (Str +2)
You sometimes lose the ability to read scrolls when taking damage.


Message History

You hit the phantom but do no damage.
The phantom is moderately damaged.
You can read scrolls again.
You hit the phantom.
The phantom is moderately damaged.
Your transformation is almost over.
The phantom closely misses you.
You completely miss the phantom.
The phantom is moderately damaged.
The phantom misses you.
You hit the phantom but do no damage.
The phantom is moderately damaged.
The phantom closely misses you.
You closely miss the phantom.
The phantom is moderately damaged.
The phantom completely misses you.
You hit the phantom but do no damage.
The phantom is moderately damaged.
The phantom barely misses you.
You hit the phantom.
The phantom is severely damaged.
The phantom hits you!
You feel threatened and lose the ability to read scrolls!
The phantom blinks!
You blink.
You can read scrolls again.
You hit the phantom but do no damage.
The phantom is heavily damaged.
The phantom hits you.
The phantom blinks!
You blink.
You hit the phantom.
The phantom is severely damaged.
The phantom closely misses you.
You hit the phantom.
The phantom is almost destroyed.
The phantom hits you.
You feel threatened and lose the ability to read scrolls!
* * * LOW HITPOINT WARNING * * *
You hit the phantom.
The phantom is almost destroyed.
The phantom hits you!
You die...

#...#...#...#.#########.####.
##..##.##..##.# #.....)
#...###...#..# ######.
##.......##..# ##.
###'...####..# #.. ##.)#≈≈≈#
#..# #.. ##...#≈≈≈# #..# #..
#..##'...####.W######## #..
##.##.......##s.##.....# #..
#..#...###...#..##.....### ##.
#.##..##.##..##..........# #.
#.#...#...#...##.#.......# #.
#.#..##...##..##.......).# ###.
#.#..#.._..#..######.....###...
#.#..#.....#..# #.......#._.
#.##.........## #.#.###.....
#.####.....### ##.#.# #.....


You could see a phantom.

Vanquished Creatures
  5 adders
  A worm (D:2)
  2 dart slugs
  6 ball pythons
  4 bats
  10 endoplasms
  3 giant cockroaches
  7 goblins
  4 hobgoblins
  7 jackals
  2 quokkas (D:2)
  3 frilled lizards
  7 kobolds
  2 rats
63 creatures vanquished.

Notes
Turn   | Place    | Note
-------+----------+-------------------------------------------
     0 | D:1      | barney the Draconian Transmuter began the quest for the
                  | Orb.
     0 | D:1      | Reached XP level 1. HP: 16/16 MP: 3/3
   355 | D:1      | Reached XP level 2. HP: 19/23 MP: 5/5
   532 | D:1      | Found a faded altar of an unknown god.
   545 | D:1      | Reached skill level 3 in Transmutations
   736 | D:1      | HP: 1/23 [ball python (2)]
   752 | D:1      | HP: 1/23 [frozen (1)]
  1439 | D:2      | Reached XP level 3. HP: 21/28 MP: 4/6
  1456 | D:2      | Learned a level 3 spell: Spider Form
  1945 | D:2      | Got the Tome of Supportive Lightness
  1968 | D:2      | Reached skill level 1 in Poison Magic
  1991 | D:2      | Reached XP level 4. HP: 11/35 MP: 2/7
  2287 | D:2      | Found Wuetsom's Distillery.
  2352 | D:2      | Found Souwir's Distillery.
  2462 | D:2      | Found Tomid's Antique Armour Boutique.
  2575 | D:2      | Found Dusmaoqoti's Book Emporium.
  2580 | D:2      | Reached skill level 4 in Transmutations
  2821 | D:2      | Found Gotachuz's Antique Armour Boutique.
  3071 | D:3      | Found Ynuixt's Weapon Shop.
  3215 | D:3      | Found a sparkling altar of Nemelex Xobeh.
  3253 | D:3      | Found a stormy altar of Qazlal.
  3253 | D:3      | Found a shimmering blue altar of Sif Muna.
  3286 | D:3      | Learned a level 3 spell: Ignite Poison
  3469 | D:3      | Found a snail-covered altar of Cheibriados.
  3497 | D:3      | Found a radiant altar of Vehumet.
  3510 | D:3      | Became a worshipper of Vehumet
  3650 | D:3      | Found a glowing silver altar of Zin.
  3652 | D:3      | Found Zin's Purification Station.
  3740 | D:4      | Noticed Menkaure
  3847 | D:4      | Noticed an ogre
  4304 | D:4      | Noticed a phantom
  4304 | D:4      | Found Ewomp's Weapon Boutique.
  4307 | D:3      | Gained mutation: Your muscles are strong. (Str +2) [potion
                  | of mutation]
  4307 | D:3      | Gained mutation: You sometimes lose the ability to read
                  | scrolls when taking damage. [potion of mutation]
  4307 | D:3      | Gained mutation: You are partially covered in large bone
                  | plates. (SH +4) [potion of mutation]
  4331 | D:3      | Slain by a phantom

Illustrated notes

Levels and vault maps discovered:
D:1:      heliophobic_arrival_ceremonial_halls, layout_rooms,
          hellmonk_ecumenical_altar_slurped_away
D:2:      minmay_alternating_diamond, layout_basic, serial_shops,
          nicolae_shop_statue_plus, shop, nicolae_shop_trees, shop, shop,
          chequers_garden
D:3:      layout_loops_ring, zin_purify, grunt_temple_overflow_open,
          mainiacjoe_overflow_two_lobes, serial_shops, shop
D:4:      layout_loops_ring, minmay_temple_entry_mist,
          lightli_sewer_entry_pipes, serial_shops, shop, uniq_menkaure,
          uniq_duvessa

Skill      XL: |  1  2  3  4 |
---------------+-------------+-----
Transmutations | 3 4 |  4.2
Poison Magic   | 1 |  1.6
Fighting       | |  1.1
Dodging        | |  1.7
Unarmed Combat | |  3.0
Spellcasting   | |  2.6
Fire Magic     | |  0.3

Action                   |  1- 3 |  4- 6 || total
-------------------------+-------+-------++-------
Melee: Dagger            |   103 |    84 ||   187
       Tailslap          |    11 |     6 ||    17
       Kick              |     9 |     9 ||    18
       Unarmed           |    24 |    17 ||    41
       Headbutt          |     5 |    10 ||    15
       Punch             |     2 |       ||     2
 Cast: Beastly Appendage |     9 |    14 ||    23
       Spider Form       |     5 |     1 ||     6
  Use: Scroll            |       |     6 ||     6
       Potion            |       |     3 ||     3
 Stab: Sleeping          |     1 |       ||     1
Armor: Skin              |    48 |    37 ||    85
Dodge: Dodged            |   126 |    74 ||   200
